 Dungeon Crawl Stone Soup version 0.18.1-50-g88ac8fd (webtiles) character file.

106 Flanowski the Digger (level 4, -5/24 HPs)
             Began as a Gargoyle Earth Elementalist on Sept 20, 2016.
             Slain by an ogre
             ... wielding a +0 giant club
              (17 damage)
             ... on level 3 of the Dungeon.
             The game lasted 00:07:42 (2337 turns).

Flanowski the Digger (Gargoyle Earth Elementalist)  Turns: 2337, Time: 00:07:43

Health: -5/24      AC:  5    Str: 11    XL:     4   Next: 84%
Magic:  4/9        EV: 12    Int: 17    God:
Gold:   74         SH:  0    Dex: 10    Spells: 2 memorised, 6 levels left

rFire  . . .     SeeInvis .     (no weapon)
rCold  . . .     Gourm    .     a - +0 robe
rNeg   + . .     Faith    .     (no shield)
rPois  ∞         Spirit   .     (no helmet)
rElec  +         Dismiss  .     (no cloak)
rCorr  .         Reflect  .     (no gloves)
SustAt .         Harm     .     (no boots)
MR     .....                    (no amulet)
Stlth  ++........               (no ring)
                                (no ring)

@: very slightly contaminated, not resistant to hostile enchantments, unstealthy
A: negative energy resistance 1, electricity resistance, unbreathing,
petrification resistance, rot immunity, AC +3
a: no special abilities


You were on level 3 of the Dungeon.
You were not hungry.

You visited 1 branch of the dungeon, and saw 3 of its levels.

You collected 74 gold pieces.

Inventory:

Missiles
 b - 85 stones (quivered)
Armour
 a - a +0 robe (worn)
Scrolls
 h - 2 scrolls of enchant armour {unknown}
 i - 3 scrolls of identify {unknown}
 j - 2 scrolls of teleportation {unknown}
 l - a scroll of amnesia {unknown}
 m - 2 scrolls of noise {unknown}
 n - a scroll of magic mapping {unknown}
 o - a scroll of remove curse {unknown}
 s - a scroll of fear {unknown}
 t - a scroll of blinking {unknown}
Potions
 e - 2 potions of haste {unknown}
 f - 2 potions of curing {unknown}
 g - a potion of brilliance {unknown}
 k - a potion of lignification {unknown}
 q - 2 potions of invisibility {unknown}
 r - a potion of ambrosia {unknown}
Books
 c - a book of Geomancy

   Spells                             Type                      Level
   a - Sandblast                      Earth                        1
   b - Passwall                       Transmutation/Earth          2
   c - Stone Arrow                    Conjuration/Earth            3
   d - Petrify                        Transmutation/Earth          4
   e - Lee's Rapid Deconstruction     Earth                        5
Comestibles
 d - 2 bread rations
 u - a meat ration


   Skills:
 + Level 1.7 Dodging
 - Level 2.1 Stealth
 * Level 3.5 Spellcasting
   Level 0.7 Transmutations
 * Level 5.0 Earth Magic


You had 6 spell levels left.
You knew the following spells:

 Your Spells              Type           Power        Failure   Level  Hunger
a - Sandblast             Erth           ###...       2%          1    None
b - Stone Arrow           Conj/Erth      ##....       21%         3    ###....


Dungeon Overview and Level Annotations

Branches:
Dungeon (3/15)

Altars:
Elyvilon
Sif Muna

Annotations:
D:3 Natasha


Innate Abilities, Weirdness & Mutations

You are resistant to torment.
Your stone body is resilient (AC +3).
You are immune to poison.
You resist negative energy.
You are resistant to electric shocks.
You can survive without breathing.
You are immune to petrification.
You are immune to rotting.


Message History

Press: ? - help, Shift-Dir - straight line, f - ogre
Aim: an ogre, wielding a giant club (resting)
The stone arrow hits the ogre.
The ogre is heavily wounded.
The ogre shouts!
Natasha hisses angrily.
A bat comes into view.
Casting: Stone Arrow
Confirm with . or Enter, or press ? or * to list all spells.
Aiming: Stone Arrow
Press: ? - help, Shift-Dir - straight line, f/p - ogre
Aim: an ogre, wielding a giant club (heavily wounded)
You miscast Stone Arrow.
You are very lightly contaminated with residual magic.
You momentarily stiffen.
The ogre hits you with a giant club!
Ouch! That really hurt!
The bat hits you but does no damage. The bat misses you. The bat misses you.
The ogre hits you with a giant club!
Ouch! That really hurt!
You die...

#...[.# #.#
############.#
#......##.#
#......##.#
#......##.#
##..(...##.#
#.......'..#
######.......####
#@b....#######
#.O....# #......#
#......# #....h.#
######.# #.# #'#
...


You could see an ogre, Natasha and a bat.

Vanquished Creatures
  A gnoll (D:1)
  5 adders (D:2)
  2 worms (D:2)
  3 dart slugs (D:1)
  2 giant geckos (D:1)
  4 bats
  A giant cockroach (D:1)
  2 goblins
  5 hobgoblins
  A ball python (D:1)
  A giant newt (D:1)
  7 kobolds
  9 rats
43 creatures vanquished.

Notes
Turn   | Place    | Note
--------------------------------------------------------------
     0 | D:1      | Flanowski the Gargoyle Earth Elementalist began the quest for the Orb.
     0 | D:1      | Reached XP level 1. HP: 10/10 MP: 3/3
   367 | D:1      | Reached skill level 4 in Earth Magic
   367 | D:1      | Reached XP level 2. HP: 12/15 MP: 1/5
   951 | D:1      | Reached XP level 3. HP: 19/19 MP: 4/7
  1368 | D:2      | Reached XP level 4. HP: 21/24 MP: 4/8
  1376 | D:2      | Learned a level 3 spell: Stone Arrow
  1927 | D:2      | Found a white marble altar of Elyvilon.
  2027 | D:2      | Reached skill level 5 in Earth Magic
  2108 | D:2      | Found a deep blue altar of Sif Muna.
  2328 | D:3      | Noticed Natasha
  2328 | D:3      | Noticed an ogre
  2337 | D:3      | Slain by an ogre

Skill      XL: |  1  2  3  4 |
---------------+-------------+-----
Earth Magic    | 4 5 |  5.0
Spellcasting   | 3 |  3.5
Dodging        | |  1.7
Stealth        | |  2.1
Transmutations | |  0.7

Action                   |  1- 3 |  4- 6 || total
-------------------------+-------+-------++-------
Melee: Unarmed           |    22 |    13 ||    35
 Cast: Sandblast         |    57 |    27 ||    84
       Stone Arrow       |       |     7 ||     7
  Eat: Chunk             |     2 |     4 ||     6
Armor: Robe              |    20 |    13 ||    33
Dodge: Dodged            |    41 |    17 ||    58
